 Dungeon Crawl Stone Soup version 0.29-a0-40-g8eb35efe60 (webtiles) character file.

Game seed: 13359847449097332809

74 HallandMoats the Skirmisher (level 4, 40/40 HPs)
             Began as a Ghoul Monk on Feb 2, 2022.
             Was a Priest of Lugonu.
             Safely got out of the dungeon.
             The game lasted 00:01:42 (1860 turns).

HallandMoats the Skirmisher (Ghoul Monk)            Turns: 1860, Time: 00:01:42

Health: 40/40      AC:  8    Str: 16    XL:     4   Next: 30%
Magic:  4/4        EV:  7    Int:  5    God:    Lugonu [***...]
Gold:   98         SH:  0    Dex: 11    Spells: 3/3 levels left

rFire   . . .      SeeInvis .     - Unarmed
rCold   + . .      Faith    .   (no shield)
rNeg    + + +      Spirit   .   c - +0 chain mail
rPois   ∞          Reflect  .   (no helmet)
rElec   .          Harm     .   (no cloak)
rCorr   .          Rampage  .   (no gloves)
Will    .....                   (no boots)
Stlth   ..........              (no amulet)
HPRegen 0.13/turn               (no ring)
MPRegen 0.09/turn               (no ring)

@: no status effects
A: claws 1, cold resistance 1, negative energy resistance 3, inhibited
regeneration, torment resistance 2
a: Renounce Religion, Depart the Abyss, Bend Space, Banish


You escaped.
You worshipped Lugonu.
Lugonu was most pleased with you.
You visited 1 branch of the dungeon, and saw 2 of its levels.

You collected 98 gold pieces.

Inventory:

Missiles
 j - 2 throwing nets (quivered)
Armour
 c - a +0 chain mail (worn)
Jewellery
 f - a +4 ring of evasion
Scrolls
 b - 2 scrolls of magic mapping {unknown}
 d - a scroll of identify {unknown}
 h - a scroll of fear {unknown}
 i - a scroll of enchant armour {unknown}
 k - a scroll of teleportation {unknown}
Potions
 a - a potion of curing {unknown}
 e - a potion of heal wounds {unknown}
 g - a potion of attraction {unknown}


   Skills:
 * Level 4.0 Fighting
 + Level 1.0 Armour
 + Level 3.0 Dodging
 - Level 2.1 Stealth
 * Level 4.0 Unarmed Combat
 + Level 1.4 Invocations


You had 3 spell levels left.
You didn't know any spells.
Your spell library contained the following spells:

 Spells                   Type           Power      Damage    Failure   Level
 Magic Dart               Conj           0%         1d3       100%        1
 Call Imp                 Summ           0%         N/A       100%        2
 Mephitic Cloud           Conj/Pois/Air  0%         N/A       100%        3


Dungeon Overview and Level Annotations

Branches:
Dungeon (2/15)

Altars:
Hepliaklqana
Lugonu


Innate Abilities, Weirdness & Mutations

You thrive by killing the living.
You are immune to poison.
You have sharp fingernails.
Your flesh is cold resistant. (rC+)
You are immune to negative energy. (rN+++)
You do not regenerate when monsters are visible.
You are immune to unholy pain and torment.


Message History

You see here a +0 whip.
An adder comes into view.
The adder hisses angrily.
The adder bites you but does no damage.
You scratch the adder.
The adder is lightly wounded.
The adder bites you but does no damage. The adder barely misses you.
You barely miss the adder.
The adder is lightly wounded.
The adder barely misses you.
You barely miss the adder.
The adder is lightly wounded.
The adder bites you.
You completely miss the adder.
The adder is lightly wounded.
The adder bites you but does no damage.
You barely miss the adder.
The adder is lightly wounded.
The adder completely misses you.
You claw the adder!
You kill the adder!
Lugonu accepts your kill.
Your Armour skill increases to level 1!
No target in view!
No target in view!
No target in view!
No target in view!
No target in view!
No target in view!
(D) Dungeon
Where to? (Enter - D:1 @ (x,y), ? - help)
What level of the Dungeon? (default 1, ? - help)
There is a stone staircase leading up here.
You climb upwards.
There is a stone staircase leading down here.
HP restored.
There is an open gate here.
There is a staircase leading out of the dungeon here.
Are you sure you want to leave the Dungeon?
This will make you lose the game!
You have escaped!

#....# #.#.###.# ####.#
####### #.#..##.# #.# #.....#
#.##.##.# #.# #.....#
#>......# ########.#
#.....########.####
#......#.###.....#........#
#.####.#.##......#.#####..#
#.####.#.##.#########.....#
#.##.....##.#..@..# #.##.##
#.##.#.####.##...####.##.#
#...........#.###.#.>....#
####.#.##.#.#8'''8#...####
#.#.##.#.###.################
#......#..#..### #.........
###.####.......# #.#####..#
#######.###.).####.#
#.##......
.....÷......#...##.#
#.##.....#


There were no monsters in sight!

Vanquished Creatures
  2 adders (D:2)
  5 dart slugs
  4 ball pythons
  7 endoplasms
  A giant cockroach (D:2)
  4 hobgoblins
  3 jackals (D:2)
  3 kobolds
  2 quokkas (D:2)
  A ball python skeleton (D:2)
  2 bats
  2 frilled lizards
  3 goblins
  4 rats
43 creatures vanquished.

Notes
Turn   | Place    | Note
-------+----------+-------------------------------------------
     0 | D:1      | HallandMoats the Ghoul Monk began the quest for the Orb.
     0 | D:1      | Reached XP level 1. HP: 19/19 MP: 0/0
   365 | D:1      | Reached XP level 2. HP: 14/26 MP: 1/1
  1021 | D:2      | Reached XP level 3. HP: 26/33 MP: 2/2
  1100 | D:2      | Found a hazy altar of Hepliaklqana.
  1290 | D:2      | Reached skill level 1 in Invocations
  1659 | D:2      | Reached XP level 4. HP: 40/40 MP: 3/3
  1731 | D:2      | Found a faded altar of an unknown god.
  1748 | D:2      | Prayed at the altar of an unknown god.
  1748 | D:2      | Became a worshipper of Lugonu the Unformed
  1748 | D:2      | Reached * piety under Lugonu
  1748 | D:2      | Reached ** piety under Lugonu
  1748 | D:2      | Reached *** piety under Lugonu
  1821 | D:2      | Reached skill level 1 in Armour
  1860 | D:$      | Safely got out of the dungeon.

Illustrated notes

Levels and vault maps discovered:
D:1:      saegor_arrival_simple_c, layout_loops_cross
D:2:      wad_river_or_something, layout_basic, basic_altar,
          shapermc_ecumenical_altar_starsandcircs, solitary_fountain

Skill      XL: |  1  2  3  4 |
---------------+-------------+-----
Invocations    | 1 |  1.4
Fighting       | 4 |  4.0
Dodging        | 3 |  3.0
Unarmed Combat | 4 |  4.0
Armour         | 1 |  1.0
Stealth        | |  2.1

Action                   |  1- 3 |  4- 6 || total
-------------------------+-------+-------++-------
Melee: Unarmed           |   112 |    16 ||   128
       Punch             |     2 |       ||     2
 Stab: Sleeping          |     2 |       ||     2
Armor: Robe              |     2 |       ||     2
       Chain mail        |    44 |    11 ||    55
Dodge: Dodged            |    34 |     7 ||    41

Table legend: (Time is in decaauts)
 A = Elapsed time spent in this place.
 B = Non-inter-level travel time spent in this place.
 C = Inter-level travel time spent in this place.
 D = Time resting spent in this place.
 E = Time spent auto-exploring this place.
 F = Levels seen in this place.
 G = Mean time per level.
                   A        B        C        D        E       F      G
               +--------+--------+--------+--------+--------+-----+--------+
         Total |   1853 |   1720 |    133 |      0 |   1436 |   2 |  926.5 |
       Dungeon |   1853 |   1720 |    133 |      0 |   1436 |   2 |  926.5 |
               +--------+--------+--------+--------+--------+-----+--------+

Top non-repeatable levels by time:
     D:1: 967 daAuts
     D:2: 886 daAuts
